[Event "Late-Titled-Tuesday-Blitz-April-16-2024"]
[Site "Chess.com"]
[Date "2024.04.16"]
[Round "6"]
[White "ExchangeAB"]
[Black "Orest_Vovk"]
[Result "0-1"]
[WhiteElo "2392"]
[BlackElo "2546"]
[TimeControl "180+1"]
[EndTime "15:04:11 PDT"]
[Termination "Orest_Vovk won by resignation"]

1. d4 Nc6 2. d5 Ne5 3. Bf4 Ng6 4.
Bg3 e5 5. dxe6 fxe6 6. e4 Nf6 7. Nd2 Bc5 8. Bd3 O-O 9. Ngf3 d5 10. O-O Nh5 11. exd5 Nxg3 12. hxg3 exd5 13. Bxg6 hxg6 14. Nb3 Bb6 15. Ne5 Qd6 16. Nf3 Qxg3 17. Qxd5+ Kh8 18. Nbd4 Qg4 19. Rad1 Bf5 20. Nxf5 Rxf5 21. Qxb7 Raf8 22. Rd3 Rh5 23. Rfd1 Kh7 24. Qc6 Rf6 25. Qd7 Rhf5 26. Kf1 Qh5 27. Kg1 g5 28. Nxg5+ Qxg5 29. Rh3+ Kg6 30.
Qe8+ Rf7 31. Qe6+ R5f6 32. Qe4+ Qf5 33. Rg3+ Kh7 34. Rh3+ Rh6 35. Rxh6+ gxh6 36. Qxf5+ Rxf5 37. Rd2 Kg6 38. Kf1 h5 39. f3 h4 40. Ke2 Rg5 41. Kd1 Kf6 42. c4 Ke6 43. Kc2 Rg3 44. a3 h3 45. gxh3 Rxf3 46. Rh2 Ke5 47. h4 Kf6 48. h5 Kg7 49. h6+ Kh7 50. Rh5 Rf2+ 51. Kb3 Bd4 52. Rd5 c5 53. Ka4 Rxb2 54. Rd7+ Kxh6 55.
Rxa7 Kg5 56. Re7 Kf6 57. Re2 Rxe2 0-1

[Event "Late-Titled-Tuesday-Blitz-April-16-2024"]
[Site "Chess.com"]
[Date "2024.04.16"]
[Round "6"]
[White "Giantgoogachess"]
[Black "Aragon"]
[Result "0-1"]
[WhiteElo "2288"]
[BlackElo "2097"]
[TimeControl "180+1"]
[EndTime "15:04:11 PDT"]
[Termination "Aragon won by resignation"]

1. d4 b5 2. e4 a6 3. a4 b4 4.
Bd3 Bb7 5. Nf3 e6 6. Qe2 Nf6 7.
O-O d5 8. exd5 Nxd5 9. c4 bxc3 10. Nxc3 Be7 11. Bd2 c5 12. dxc5 Bxc5 13. Ne4 Be7 14. Rac1 Nd7 15. Nc5 Nxc5 16. Bb1 Nd7 17. Qd3 Qb6 18.
a5 Qb5 19. Qxb5 axb5 20. Bd3 Ba6 21. Nd4 b4 22. Bxa6 Rxa6 23. Rc8+ Bd8 24. Nc6 Rxc6 25.
Rxc6 Bxa5 26. Rc8+ Bd8 27. Ra1 N7b6 28. Rb8 Kd7 29. Ra7+ Kc6 30. Rxf7 g6 31. g3 Re8 32. Rxh7 Re7 33. Rxe7 Bxe7 34. Rg8 Nc4 35. Bc1 g5 36. Kg2 b3 37. Kf3 Nb4 38. Kg4 Nd3 39. Bxg5 Bxg5 40. Kxg5 Ndxb2 41. Rb8 Nb6 42. Re8 Kd7 43.
Rf8 N2c4 44. Rf3 b2 45. Rb3 Nd5 46. h4 Nc3 47. h5 b1=Q 48. Rxb1 Nxb1 49. Kg6 Ne5+ 50.
Kg7 Ke7 51. h6 Nd2 52. h7 Nf7 53. g4 Nf3 54. Kg8 e5 55. Kg7 e4 56. Kg6 Ke6 57.
Kg7 N3g5 58. Kg6 Nxh7 59. Kxh7 Kf6 60. Kg8 Ne5 61. Kh7 Nxg4 0-1

[Event "Late-Titled-Tuesday-Blitz-April-16-2024"]
[Site "Chess.com"]
[Date "2024.04.16"]
[Round "6"]
[White "volcanoexplorer"]
[Black "micke12a"]
[Result "1-0"]
[WhiteElo "2636"]
[BlackElo "2440"]
[TimeControl "180+1"]
[EndTime "15:04:12 PDT"]
[Termination "volcanoexplorer won on time"]

1. e4 c5 2. Nf3 d6 3. d4 cxd4 4. Nxd4 Nf6 5. Nc3 g6 6. h3 Bg7 7. g4 Nc6 8. Be3 O-O 9. Bg2 Bd7 10. O-O Rc8 11. Nce2 Qa5 12. c3 h5 13. g5 Ne8 14. f4 Nxd4 15. cxd4 Ba4 16. b3 Bb5 17. a4 Ba6 18. Rf2 Nc7 19. Rb1 Ne6 20. b4 Bxe2 21.
Qxe2 Qxa4 22. Qd3 a5 23. f5 Nd8 24. f6 exf6 25. gxf6 Bh8 26. e5 dxe5 27. dxe5 Ne6 28. bxa5 Rfd8 29. Qe4 Rc4 30. Qxb7 Qxa5 31. Bb6 Qxe5 32.
Bxd8 Nxd8 33. Qe7 Qd4 34. Rb8 Rc1+ 35. Kh2 Rd1 36. Rbb2 Kh7 37. Rbe2 h4 38. Qe4 Qd6+ 39. Qf4 Bxf6 40. Qxd6 Rxd6 41. Re8 Kg7 42. Re4 Ne6 43. Bf1 Bg5 44. Bc4 Nf4 45. Rexf4 Bxf4+ 46. Rxf4 Rd2+ 47. Kg1 f5 48. Rxh4 g5 49. Rh5 Kf6 50. Rh8 Ke5 51.
Rf8 Kf4 52. Be6 Kg3 53. Bc4 f4 54. Bf1 f3 55. Rg8 1-0

[Event "Late-Titled-Tuesday-Blitz-April-16-2024"]
[Site "Chess.com"]
[Date "2024.04.16"]
[Round "6"]
[White "Lupul_Cenusiu"]
[Black "ATM622"]
[Result "0-1"]
[WhiteElo "2684"]
[BlackElo "2446"]
[TimeControl "180+1"]
[EndTime "15:04:12 PDT"]
[Termination "ATM622 won by resignation"]

1. e4 c6 2. d4 d5 3. exd5 cxd5 4. Bd3 Nc6 5. c3 Nf6 6. Bf4 g6 7. Nf3 Bg7 8. O-O O-O 9. Nbd2 Bf5 10. Bxf5 gxf5 11. Re1 Ne4 12. Re3 f6 13. h3 e5 14.
Bh2 f4 15. Re1 Ng5 16. Nxg5 fxg5 17. dxe5 Nxe5 18. Nf3 Nxf3+ 19. Qxf3 Qd7 20. Rad1 Rae8 21. Rxe8 Rxe8 22. Kh1 Re5 23. Bg1 Kf7 24. Qh5+ Kg8 25. f3 Qf7 26. Qxf7+ Kxf7 27. Bxa7 Re2 28. Rxd5 Rxb2 29.
Rxg5 Bxc3 30. Rc5 Be1 31. Rf5+ Ke6 32. Rxf4 Bg3 33. Re4+ Kf5 34. Bg1 Rxa2 35. Rb4 Ra1 36. Rb2 h5 37. Rb5+ Kg6 38. Rb6+ Kf5 39. Rb5+ Ke6 40. Rb6+ Kd5 41. Rb5+ Kc4 42. Rb2 b5 43. Rc2+ Kb3 44. Re2 b4 45. f4 Ka4 46. f5 Rf1 47.
Ra2+ Kb3 48. Re2 Ka4 49. Ra2+ Kb5 50. Rb2 Rxf5 51. Rb1 h4 52. Be3 Kc4 53. Bd2 Rb5 54. Kg1 Kd3 55. Bh6 Kc2 56. Rf1 b3 57. Bg7 b2 58. Bxb2 Kxb2 59. Kh1 Kc2 60. Rg1 Kd2 61. Rf1 Ke2 62. Rf2+ Bxf2 0-1

[Event "Late-Titled-Tuesday-Blitz-April-16-2024"]
[Site "Chess.com"]
[Date "2024.04.16"]
[Round "6"]
[White "N_I_Chess"]
[Black "Sjakkerntobi"]
[Result "0-1"]
[WhiteElo "2381"]
[BlackElo "2514"]
[TimeControl "180+1"]
[EndTime "15:04:12 PDT"]
[Termination "Sjakkerntobi won on time"]

1. d4 Nf6 2. c4 e6 3. Nc3 c5 4. d5 exd5 5. cxd5 d6 6. e4 g6 7. f4 Bg7 8. Nf3 O-O 9. Be2 Re8 10. e5 dxe5 11. fxe5 Ng4 12. Bg5 f6 13. exf6 Bxf6 14. Qd2 Bxg5 15. Qxg5 Qxg5 16. Nxg5 Ne3 17. Kf2 Nd7 18. Ne6 Nxd5 19. Bc4 N7b6 20. Nxd5 Nxc4 21. Nf6+ Kf7 22. Nxe8 Bxe6 23. Nc7 Rd8 24. Nxe6 Rd2+ 25. Kg3 Kxe6 26. Rhe1+ Kf7 27. Rac1 Nxb2 28. Rxc5 Nd3 29.
Rc7+ Kf6 30. Rf1+ Ke6 31. a4 Ra2 32. Rxb7 Rxa4 33. Rxh7 Ne5 34. h3 a5 35. Ra7 Ra3+ 36.
Kh4 Ra2 37. g4 Ra3 38. Ra6+ Kd5 39. Rd1+ Ke4 40. Re1+ Kd4 41. Rd1+ Kc4 42. Kg5 Rxh3 43. Re1 Nf3+ 44. Kxg6 Nxe1 45. Rxa5 Kd4 46. Ra4+ Kd5 47. Ra5+ Kc6 48. g5 Nf3 49. Rf5 Nh4+ 50. Kf6 Nxf5 51. Kxf5 Kd6 52. Kf6 Rf3+ 53. Kg7 Ke7 54. g6 Rg3 0-1

[Event "Late-Titled-Tuesday-Blitz-April-16-2024"]
[Site "Chess.com"]
[Date "2024.04.16"]
[Round "6"]
[White "djano"]
[Black "Cluke86"]
[Result "1-0"]
[WhiteElo "2623"]
[BlackElo "2352"]
[TimeControl "180+1"]
[EndTime "15:04:13 PDT"]
[Termination "djano won on time"]

1. e4 d6 2. Nc3 Nf6 3. f4 d5 4. e5 Ng8 5. Nf3 c5 6. d4 Nc6 7. Bb5 e6 8. O-O a6 9. Bxc6+ bxc6 10. Ne2 h5 11. c3 g6 12. Be3 c4 13. b3 cxb3 14.
axb3 Ne7 15. b4 Nf5 16. Bf2 Be7 17. Qd3 h4 18. Nc1 Kf8 19. Nb3 Kg7 20. Na5 Qb6 21.
Rfe1 Bd7 22. Ra2 Ra7 23. Rea1 Rha8 24. Qe2 Qb5 25. Qe1 Rh8 26. h3 Qd3 27. Nb3 Qc4 28.
Ra3 Bc8 29. Na5 Qb5 30. Nd2 Bd7 31. Nf1 Bd8 32. Nb3 Qc4 33. Nc5 Bc8 34. Nd2 Qb5 35.
Nf3 Be7 36. Kh2 Bd8 37. Qd2 Be7 38. Ra5 Qc4 39. Qb2 Bd8 40. R5a3 Bb6 41. Nb3 Qd3 42.
Nbd2 Qe2 43. Kg1 Bd7 44. Re1 Qb5 45. Qa1 Rha8 46. Nb3 Bd8 47. Nc5 Bc8 48. Nd2 Kh7 49. Ndb3 Kg7 50. Na5 Kh7 51. Qd1 Kg7 52. Qg4 Rb8 53.
Rea1 Rba8 54. Nab3 Rb8 55. Nd2 Rba8 56. Nf3 Qc4 57.
Nxh4 Nxh4 58. Bxh4 Bxh4 59. Qxh4 a5 60. Qf6+ Kg8 61.
bxa5 Ba6 62. h4 Bb5 63. Kh2 Qe2 64. c4 Bxc4 65. h5 Qg4 66. h6 Qh5+ 67. Rh3 Qxh6 68. Rxh6 1-0

[Event "Late-Titled-Tuesday-Blitz-April-16-2024"]
[Site "Chess.com"]
[Date "2024.04.16"]
[Round "6"]
[White "vova-79"]
[Black "dianamirza"]
[Result "1-0"]
[WhiteElo "2532"]
[BlackElo "1946"]
[TimeControl "180+1"]
[EndTime "15:04:13 PDT"]
[Termination "vova-79 won by resignation"]

1. d4 Nf6 2. c4 c5 3. Nf3 cxd4 4. Nxd4 Nc6 5. g3 g6 6. Bg2 Bg7 7. O-O O-O 8. Nc3 d6 9. Nxc6 bxc6 10. Bxc6 Rb8 11.
Bg2 Qc7 12. Qd3 Bf5 13. e4 Bc8 14. Rb1 Ba6 15. b3 Nd7 16. Bd2 Nc5 17. Qe2 Bb7 18. Nd5 Qd7 19. Be3 e6 20. Nf4 Nxe4 21. Bxa7 Nc3 22.
Qe3 Bxg2 23. Bxb8 Nxb1 24. Nxg2 Nc3 25. Ba7 d5 26. Bc5 Rc8 27. b4 Nxa2 28. cxd5 Qxd5 29.
Nf4 Qe5 30. Qxe5 Bxe5 31. Nd3 Bc3 32. Rb1 e5 33. Kg2 e4 34. Nf4 Nxb4 35. Bxb4 Rb8 36. Nd5 Bxb4 37. Rxb4 Rxb4 38. Nxb4 f5 39. Kf1 Kf7 40.
Ke2 Ke6 41. Ke3 Ke5 42. Nc6+ Kd5 43. Nd4 Ke5 44. f4+ exf3 45. Nxf3+ Kf6 46. Kf4 h6 47. h4 Ke6 48. Nd2 Kf6 49. Nc4 g5+ 50. Kf3 gxh4 51.
gxh4 Kg6 52. Kg3 Kh5 53. Ne5 f4+ 54. Kh3 f3 55. Nxf3 Kg6 56. Kg4 h5+ 57. Kf4 Kf6 58. Ng5 Kg6 59. Ne4 Kh6 60. Kf5 Kh7 61. Kg5 Kg7 62. Kxh5 Kh7 63. Kg5 Kh8 64. Kg6 Kg8 65. h5 Kh8 66. h6 Kg8 67. Ng5 Kh8 68.
Nf7+ Kg8 69. h7+ Kf8 70. h8=Q+ Ke7 1-0

[Event "Late-Titled-Tuesday-Blitz-April-16-2024"]
[Site "Chess.com"]
[Date "2024.04.16"]
[Round "6"]
[White "Allion2017"]
[Black "azikom"]
[Result "0-1"]
[WhiteElo "2273"]
[BlackElo "2689"]
[TimeControl "180+1"]
[EndTime "15:04:13 PDT"]
[Termination "azikom won on time"]

1. d4 c6 2. c4 d5 3. Nf3 Nf6 4. Nc3 a6 5. c5 Bf5 6. Bf4 Nbd7 7.
e3 Nh5 8. Bg5 h6 9. Bh4 g5 10.
Bg3 Nxg3 11. hxg3 Bg7 12. Bd3 Bxd3 13. Qxd3 e5 14. Qf5 Qf6 15. Qxf6 Bxf6 16. O-O-O exd4 17. exd4 g4 18. Nh4 O-O-O 19. Nf5 Kc7 20. Kc2 h5 21. Nd6 Rdf8 22. Ne2 h4 23. Nf4 hxg3 24. fxg3 Rxh1 25. Rxh1 Bxd4 26. b4 Be5 27. Rh6 a5 28. a3 axb4 29. axb4 Nf6 30. Nf5 Ra8 31. Nd3 Ba1 32. Kb3 Ne4 33. Rh7 Ng5 34. Rh5 Ne6 35. Rh7 Rf8 36. Rh4 Nd4+ 37. Ka2 Nxf5 38. Rxg4 Bc3 39. Kb3 Bd2 40. Ne5 Bh6 41. Nf3 Bg7 42.
Rg5 Nd4+ 43. Nxd4 Bxd4 44. Rf5 Bg7 45. g4 Bd4 46. g5 Kd7 47. g4 Bg7 48. Kc2 Ke6 49. Kd3 Rh8 50. Ke3 Rh3+ 51. Kd2 Rb3 0-1

[Event "Late-Titled-Tuesday-Blitz-April-16-2024"]
[Site "Chess.com"]
[Date "2024.04.16"]
[Round "6"]
[White "Mikhail_Golubev"]
[Black "SergioMoralesG"]
[Result "0-1"]
[WhiteElo "2577"]
[BlackElo "2442"]
[TimeControl "180+1"]
[EndTime "15:04:14 PDT"]
[Termination "SergioMoralesG won on time"]

1. e4 c5 2. Nf3 e6 3. d4 cxd4 4. Nxd4 Nc6 5. Nc3 Qc7 6. Be3 a6 7. Bd3 Nf6 8. O-O b5 9. Nxc6 Qxc6 10. a3 Bb7 11. Qe2 Rc8 12. Kh1 Be7 13. f4 d6 14.
e5 dxe5 15. fxe5 Nd7 16. Be4 Qc7 17. Rxf7 Kxf7 18. Qf3+ Kg8 19. Bxb7 Rf8 20. Qe4 Nc5 21.
Bxc5 Qxc5 22. Bxa6 h5 23. Bxb5 h4 24. Bc4 Rh5 25. Bxe6+ Kh8 26. Nd5 Qf2 27. h3 Bc5 28.
Qg4 Qf1+ 29. Kh2 Bg1+ 30. Kh1 Bd4+ 31. Rxf1 Rxf1+ 32. Kh2 Bg1+ 33. Kh1 Bf2+ 34. Kh2 Bg3+ 35. Qxg3 hxg3+ 36. Kxg3 Rxe5 37. Nf4 Rxf4 38. Kxf4 Rxe6 39.
c4 Rc6 40. b3 Kg8 41. Ke5 Kf7 42. Kd5 Ra6 43. b4 Rxa3 44. b5 Ke7 45. Kc6 Kd8 46. b6 Kc8 47. c5 Rc3 48. Kd6 Rd3+ 49. Kc6 Rc3 50. Kd6 Kb7 51. h4 Rd3+ 52. Ke6 Kc6 53.
Kf7 Rg3 0-1

[Event "Late-Titled-Tuesday-Blitz-April-16-2024"]
[Site "Chess.com"]
[Date "2024.04.16"]
[Round "6"]
[White "mishanick"]
[Black "Hikaru"]
[Result "0-1"]
[WhiteElo "3052"]
[BlackElo "3281"]
[TimeControl "180+1"]
[EndTime "15:04:15 PDT"]
[Termination "Hikaru won on time"]

1. d4 d5 2. c4 c6 3. Nf3 Nf6 4. Nc3 e6 5. Bg5 Nbd7 6. e3 h6 7. Bh4 Bd6 8. Bd3 dxc4 9. Bxc4 b5 10. Bd3 Bb7 11. O-O a6 12. a4 Be7 13. e4 b4 14. Ne2 c5 15. e5 Nh5 16. Bxe7 Qxe7 17. Nd2 cxd4 18. f4 g5 19. Nc4 O-O 20. Nd6 Bd5 21. Be4 d3 22. Qxd3 Nc5 23. Qe3 Nxe4 24. Nxe4 Qa7 25. Nc5 Bc4 26. Rac1 Bxe2 27. Qxe2 Nxf4 28.
Qg4 Rac8 29. Rxf4 Rxc5 30. Rcf1 Rc1+ 31. Kh1 Qe3 32. Rf6 Rxf1+ 33. Rxf1 Qxe5 34. Qxb4 Rd8 35. Qe7 Rf8 36. h3 Qxb2 37. Qd6 a5 38. Qc5 Qb4 39. Qc2 Qd4 40. Qc6 Kg7 41. Qb5 Qc3 42. Qd7 Qc4 43.
Rf3 Qc1+ 44. Kh2 Qc5 45. Kh1 Qe5 46. Qc6 h5 47. Rf1 Rd8 48. Qb7 Rf8 49. Qb3 g4 50. Qd3 f5 51. Qd7+ Rf7 52. Qd3 Qd5 53. Qc3+ Kg6 54. h4 Qd8 55. Qg3 Qf6 56. Re1 f4 57. Qd3+ Kg7 58. Kg1 f3 59. gxf3 gxf3 60. Re4 Qg6+ 61. Kf2 Qg2+ 62. Ke3 Qg1+ 63. Kd2 f2 64.
Qd4+ Kh7 65. Rxe6 f1=N+ 0-1

[Event "Late-Titled-Tuesday-Blitz-April-16-2024"]
[Site "Chess.com"]
[Date "2024.04.16"]
[Round "6"]
[White "tgpgoat"]
[Black "SRob2003"]
[Result "0-1"]
[WhiteElo "2427"]
[BlackElo "2659"]
[TimeControl "180+1"]
[EndTime "15:04:15 PDT"]
[Termination "SRob2003 won by resignation"]

1. Nf3 d5 2. Rg1 Nc6 3. d4 Bg4 4. Ne5 Nxe5 5. dxe5 Qd7 6. Nc3 e6 7. f3 Bf5 8. g4 Bg6 9. h4 h5 10. Bg5 Be7 11. Bxe7 Nxe7 12. e3 hxg4 13. Rxg4 Nf5 14. Qd2 Rxh4 15. Rxh4 Nxh4 16. Qf2 Nf5 17. O-O-O O-O-O 18. e4 Ne7 19. exd5 Kb8 20. Bb5 Qc8 21. d6 cxd6 22. exd6 Nc6 23. Qg3 a6 24. Ba4 Ka8 25.
Ne4 Nb4 26. d7 Qb8 27. Qg5 Nd5 28. Kb1 Qc7 29. c4 Nb6 30. Qa5 Kb8 31. c5 Nxa4 32. Qxa4 Qxc5 33. Ka1 Bxe4 34. Qxe4 Qc7 35. Qd4 f6 36. f4 Qc6 37. a3 Kc7 38. Qe3 Kb8 39.
Qd4 Ka8 40. Rd3 Qh1+ 41. Ka2 Qc6 42. Rc3 Qxd7 43. Qb4 Qd5+ 44. Ka1 Ka7 45. Rc5 Qd1+ 46. Ka2 Qd6 47. Qc3 Qb6 48. Rc4 Qb5 49. Rb4 Qd5+ 50.
Ka1 Rd6 51. Qe3+ Ka8 52. Qc3 Qd1+ 53. Ka2 Qd5+ 54. Ka1 Rc6 55. Qe1 Rc8 56. Qg1 Rh8 57.
Rd4 Rh1 58. Rxd5 Rxg1+ 0-1

[Event "Late-Titled-Tuesday-Blitz-April-16-2024"]
[Site "Chess.com"]
[Date "2024.04.16"]
[Round "6"]
[White "TanitoluwaAps116"]
[Black "masnyszachistaaa"]
[Result "1-0"]
[WhiteElo "2790"]
[BlackElo "2568"]
[TimeControl "180+1"]
[EndTime "15:04:16 PDT"]
[Termination "TanitoluwaAps116 won by checkmate"]

1. e4 e5 2. Nf3 Nc6 3. Bc4 Nf6 4. d3 h6 5. O-O d6 6. Nc3 g5 7. Nd5 Bg4 8. h3 Be6 9. Ne3 Qd7 10. c3 Bg7 11.
Nh2 h5 12. Nf3 Bh6 13. Nd5 Bxd5 14. exd5 Ne7 15. Nxg5 Nexd5 16. Qf3 c6 17. d4 O-O-O 18. dxe5 dxe5 19. Re1 Rde8 20. Bd3 Kb8 21. c4 e4 22.
Nxe4 Nxe4 23. Bxe4 Bxc1 24. Raxc1 Nb6 25. Qf4+ Ka8 26. b3 Qd4 27. Rcd1 Qg7 28. c5 Nc8 29. Bf3 Rxe1+ 30. Rxe1 Qc3 31. Rc1 Qb2 32. b4 h4 33.
Rd1 Qxa2 34. Qc7 Qb3 35. Rd8 Rxd8 36. Qxd8 Qe6 37. Bg4 Qe1+ 38. Kh2 Qe5+ 39. Kg1 Qe1+ 40. Kh2 Qe5+ 41. g3 hxg3+ 42. fxg3 Qb2+ 43. Kg1 Qc1+ 44. Kf2 Qb2+ 45. Kf1 Qc1+ 46. Kf2 Qb2+ 47. Be2 Kb8 48. h4 Qxb4 49. h5 Qxc5+ 50. Kf1 Qc1+ 51. Kg2 Qc2 52. Kf1 Qc1+ 53. Kf2 Qc2 54. h6 Qc5+ 55. Kf1 Qc1+ 56. Kg2 Qxh6 57. Bg4 f5 58. Bxf5 a6 59. Bxc8 Ka7 60. Qd7 Qg5 61. Qxb7# 1-0

[Event "Late-Titled-Tuesday-Blitz-April-16-2024"]
[Site "Chess.com"]
[Date "2024.04.16"]
[Round "6"]
[White "KaydenTroffChess"]
[Black "xasid81"]
[Result "0-1"]
[WhiteElo "2860"]
[BlackElo "2672"]
[TimeControl "180+1"]
[EndTime "15:04:22 PDT"]
[Termination "xasid81 won by resignation"]

1. d4 d5 2. Nf3 Nf6 3. Bf4 e6 4.
e3 Bd6 5. Ne5 c5 6. Bb5+ Kf8 7.
O-O a6 8. Nd7+ Bxd7 9. Bxd6+ Kg8 10. Bxd7 Nbxd7 11. Bxc5 Nxc5 12. dxc5 Rc8 13. b4 b6 14. cxb6 Qxb6 15. c3 Ne4 16. Qd4 Qb8 17. f3 Nd6 18. a4 h5 19. Nd2 Nf5 20. Qd3 Qe5 21. e4 Rxc3 22. Qxa6 Qd4+ 23. Kh1 Ne3 24. Qe2 Nxf1 25. Nxf1 Rc2 26. Qe1 dxe4 27. Rd1 Qf2 28. Qxf2 Rxf2 29. fxe4 Kh7 30. Ne3 Re2 31. Nc4 Rxe4 32. Nd6 Rxb4 33.
Nxf7 Re8 34. h3 Rxa4 35. Re1 Kg8 36. Ne5 Ra5 37. Kh2 Rd5 38. Kg3 Rf8 39. Kh2 Rf5 40. Ng6 Rd7 41. Rxe6 Rf6 42. Rxf6 gxf6 43.
Nf4 h4 44. Ng6 Rd4 45. Ne7+ Kf7 46. Nf5 Rf4 47. Ne3 Ke6 48. Ng4 f5 49. Ne3 Ke5 50.
Kg1 Ke4 51. Nf1 Kd3 52. Nh2 Ke2 53. Kh1 Kf2 54. Nf3 Rxf3 55. gxf3 Kxf3 56. Kh2 Kf2 57.
Kh1 f4 58. Kh2 f3 59. Kh1 Ke2 60. Kg1 f2+ 61. Kh2 Ke1 62. Kg2 f1=Q+ 63. Kh2 Qe2+ 64.
Kh1 Qe4+ 65. Kg1 Qg6+ 66. Kh2 Kf2 0-1

[Event "Late-Titled-Tuesday-Blitz-April-16-2024"]
[Site "Chess.com"]
[Date "2024.04.16"]
[Round "6"]
[White "Binary010"]
[Black "DeArron_Fox"]
[Result "1-0"]
[WhiteElo "2782"]
[BlackElo "2578"]
[TimeControl "180+1"]
[EndTime "15:04:22 PDT"]
[Termination "Binary010 won by resignation"]

1. e4 c5 2. Nf3 e6 3. d4 cxd4 4. Nxd4 a6 5. Bd3 Bc5 6. Nb3 Ba7 7. Qe2 Ne7 8. Be3 O-O 9. Nc3 Nbc6 10. O-O-O b5 11.
Bxa7 Rxa7 12. Qe3 b4 13. Na4 d5 14. exd5 Nxd5 15. Qh3 g6 16. Be4 Na5 17. Kb1 Bd7 18. Nac5 Nxb3 19. axb3 a5 20. Bxd5 exd5 21. Qe3 Re8 22. Qd4 Qb6 23. Nxd7 Qxd4 24. Rxd4 Rxd7 25. Rhd1 Kg7 26. Kc1 Re2 27. R4d2 Rxd2 28. Kxd2 Kf6 29. Ra1 Ra7 30. Kd3 Ke5 31. g3 Kd6 32. Kd4 Rc7 33.
c3 bxc3 34. bxc3 Rb7 35. Rxa5 Rxb3 36. Rxd5+ Ke7 37. Re5+ Kd6 38. Re2 Ra3 39. c4 Ra4 40. g4 Ra5 41. h4 Ra4 42. Rb2 Ra3 43. Rb6+ Ke7 44. Rb7+ Ke6 45. Rb6+ Ke7 46. Ke4 Rc3 47. Rc6 Kd7 48. Rc5 Kd6 49. Rd5+ Ke6 50. Rd4 Rc2 51. f3 f5+ 52. gxf5+ gxf5+ 53. Kd3 Rf2 54. Ke3 Rh2 55. c5 Ke5 56. f4+ Ke6 57. Rd6+ Ke7 58. Rh6 Rc2 59.
Rxh7+ Ke6 60. c6 Kd5 61. c7 Rc3+ 62. Kd2 Rc6 63. Kd3 Rc1 64. h5 Rd1+ 65. Kc2 1-0

[Event "Late-Titled-Tuesday-Blitz-April-16-2024"]
[Site "Chess.com"]
[Date "2024.04.16"]
[Round "6"]
[White "Durarbayli"]
[Black "Revan_2002"]
[Result "1/2-1/2"]
[WhiteElo "2880"]
[BlackElo "2742"]
[TimeControl "180+1"]
[EndTime "15:04:24 PDT"]
[Termination "Game drawn by stalemate"]

1. e4 e5 2. Nf3 Nc6 3. d4 exd4 4. Nxd4 Bc5 5. Nb3 Bb6 6. Qe2 Nf6 7. e5 Nd5 8. c4 Nde7 9. c5 Ba5+ 10. Nxa5 Nxa5 11. Bg5 O-O 12. Nc3 Qe8 13. O-O-O Nac6 14. f4 b6 15. Qf2 h6 16. Bh4 Nf5 17. Nd5 Qe6 18. Bc4 Qg6 19. Bd3 Qg4 20. Bf6 bxc5 21. Be2 Qg6 22. g4 Nfd4 23. Bd3 gxf6 24. Bxg6 fxg6 25.
exf6 d6 26. f5 g5 27. h4 Ne5 28. hxg5 Nxg4 29. Qf4 Ne2+ 30. Kd2 Nxf4 31. Nxf4 Bxf5 32. Nd5 Kf7 33. gxh6 Nxf6 34. Nxc7 Rab8 35. b3 Rbc8 36. Nb5 Bd7 37. Nxd6+ Kg6 38. Rdg1+ Bg4 39. Nxc8 Rxc8 40. h7 Rh8 41. Rh4 Rxh7 42. Rgxg4+ Nxg4 43. Rxg4+ Kf5 44. Rc4 Rc7 45. Kc3 Ke5 46. Rh4 Kd5 47. Rh5+ Kc6 48. Kc4 Kb6 49. Rh6+ Rc6 50. Rh5 Rg6 51. Rh4 Rf6 52.
a3 Rg6 53. Re4 Rh6 54. Kd5 Rh5+ 55. Kc4 Rh6 56. Rf4 Rg6 57. Rh4 Rf6 58. Rg4 Rh6 59.
Kd5 Rh5+ 60. Kc4 Rh6 61. b4 cxb4 62. Kxb4 a6 63. a4 a5+ 64. Kc4 Rc6+ 65. Kb3 Rc5 66. Rg3 Rc6 67. Rg5 Rc5 68. Rg8 Rc6 69. Rb8+ Ka6 70.
Rb5 Rb6 71. Kc4 Rxb5 72. axb5+ Kb6 73. Kb3 Kxb5 74. Ka3 a4 75. Ka2 Kb4 76. Ka1 a3 77.
Ka2 Ka4 78. Ka1 Kb3 79. Kb1 a2+ 80. Ka1 Ka3 1/2-1/2

[Event "Late-Titled-Tuesday-Blitz-April-16-2024"]
[Site "Chess.com"]
[Date "2024.04.16"]
[Round "6"]
[White "diokletian"]
[Black "GiorgianBarbosa"]
[Result "1-0"]
[WhiteElo "2672"]
[BlackElo "2462"]
[TimeControl "180+1"]
[EndTime "15:04:24 PDT"]
[Termination "diokletian won by resignation"]

1. Nf3 Nf6 2. c4 e6 3. Nc3 d5 4. d4 Be7 5. Bf4 O-O 6. e3 c6 7. h3 b6 8. Rc1 Bb7 9. a3 Nbd7 10. Bd3 Re8 11. cxd5 exd5 12. O-O Nf8 13. Ne5 N6d7 14. Qg4 Nxe5 15. Bxe5 f6 16. Bf4 Bd6 17. Bxd6 Qxd6 18. Rc2 Re7 19. Rfc1 Rae8 20. Ne2 g6 21. Qg3 Qd7 22. h4 f5 23. b4 b5 24. Nf4 a6 25.
h5 Rg7 26. Qh3 Ne6 27. h6 Nxf4 28. exf4 Rge7 29. Qh4 Qd6 30. Kf1 Re6 31. Re2 Rxe2 32. Bxe2 Qe7 33. Qxe7 Rxe7 34. Bd3 Kf7 35. g3 Kf6 36.
Kg2 Re6 37. Kf3 g5 38. fxg5+ Kxg5 39. Rh1 Rxh6 40. Rxh6 Kxh6 41. Bxf5 Kg7 42. Kf4 h6 43. Ke5 Ba8 44. f4 Kf7 45. Kd6 Kf6 46. Bc8 h5 47. Kc7 Ke7 48. Kb8 Kd8 49. Bxa6 c5 50. bxc5 Bc6 51. Ka7 Kc7 52. f5 Bd7 53. f6 Be8 54. Bxb5 Bf7 55. a4 Bg6 56. Be2 Bf7 57.
Bf3 Kc6 58. a5 Kc7 59. a6 Be6 60. Bxh5 Kc6 61. f7 Kb5 62. f8=Q 1-0

[Event "Late-Titled-Tuesday-Blitz-April-16-2024"]
[Site "Chess.com"]
[Date "2024.04.16"]
[Round "6"]
[White "pfalcon1949"]
[Black "rhwr"]
[Result "0-1"]
[WhiteElo "1961"]
[BlackElo "2238"]
[TimeControl "180+1"]
[EndTime "15:04:27 PDT"]
[Termination "rhwr won on time"]

1. e4 c5 2. Nf3 d6 3. d4 cxd4 4. Nxd4 Nf6 5. Nc3 e5 6. Ndb5 a6 7. Na3 b5 8. Nd5 Bb7 9. Bg5 Be7 10. Bxf6 Bxf6 11. Be2 O-O 12. O-O Bg5 13. c3 Nd7 14. Nc2 Nf6 15. Nxf6+ Qxf6 16. Bf3 Rfd8 17. Ne3 Bxe3 18.
fxe3 Qg6 19. Qc2 d5 20. Qb3 dxe4 21. Be2 Rd2 22. Rae1 Bd5 23. Qb4 Bc4 24. Rf2 Bxe2 25. Rfxe2 Rxe2 26. Rxe2 Rd8 27. g3 Qg4 28. Rf2 Qh3 29. Qb3 Rd7 30. Qc2 g6 31. b3 Rd3 32.
Re2 Qg4 33. c4 Qf3 34. c5 Rxe3 35. Rxe3 Qxe3+ 36. Kg2 Qf3+ 37. Kh3 e3 38. c6 e2 39.
c7 e1=Q 40. c8=Q+ Kg7 41. Qg4 Qef1+ 42. Kh4 Qxg4+ 43. Kxg4 h5+ 44. Kh4 Qf6+ 45. Kh3 Qf1+ 46. Kh4 Qf6+ 47. Kh3 Qe6+ 48. Kg2 g5 49. Qf2 f6 50. Qe2 Kg6 51. Kf2 e4 52. Kg2 f5 53.
Qf2 Qe5 54. Qb6+ Qf6 55. Qe3 f4 56. Qxe4+ Qf5 57. Qc6+ Qf6 58. Qe4+ Kh6 59. Qe8 f3+ 60. Kf2 g4 61. Qe3+ Kg6 62. Qe4+ Qf5 63. Qe3 Kf6 64.
Qd4+ Qe5 65. Qb6+ Kf5 0-1

[Event "Late-Titled-Tuesday-Blitz-April-16-2024"]
[Site "Chess.com"]
[Date "2024.04.16"]
[Round "6"]
[White "FuenfgegenWilly"]
[Black "Andrei_Skvortsov"]
[Result "1-0"]
[WhiteElo "2459"]
[BlackElo "2634"]
[TimeControl "180+1"]
[EndTime "15:04:28 PDT"]
[Termination "FuenfgegenWilly won by resignation"]

1. d4 g6 2. e4 Bg7 3. Nc3 c6 4.
f4 d5 5. e5 h5 6. h3 Nh6 7. Bd3 Bf5 8. Be2 h4 9. Nf3 e6 10. Be3 b5 11. Bf2 Ng8 12. Nb1 Bf8 13. Nbd2 Be7 14. Nf1 Be4 15. N1d2 Nh6 16. Nxe4 dxe4 17.
Nd2 e3 18. Bxe3 Nf5 19. Bf2 Nxd4 20. Ne4 Nxe2 21. Qxe2 Nd7 22. O-O Nb6 23. Rad1 Nd5 24. c4 bxc4 25. Qxc4 Qc7 26. Bd4 Kf8 27. Rc1 Rc8 28.
Nd6 Rb8 29. Qxc6 Qxc6 30. Rxc6 Kg7 31. b3 Rb4 32. Rc4 a5 33. Bc5 Rbb8 34. Kf2 Ra8 35.
Kf3 Rhb8 36. Ne4 Bd8 37. Bd6 Rb7 38.
Nc5 Rb5 39. Rfc1 Ra7 40. Ne4 Nb6 41. Bc7 Nxc4 42. Bxd8 Nb6 43. Rc6 Nd7 44. Nd6 Rxe5 45. Bxh4 Rc5 46. Rxc5 Nxc5 47. Bf2 Nb7 48. Bxa7 Nxd6 49.
Bb6 Nb7 50. Ke4 Kf8 51. Kd4 Ke7 52. Kc4 Kd6 53. Kb5 Kd5 54. Bxa5 Ke4 55. Bd2 Kd3 56.
Bc1 Nd6+ 57. Kc6 Ne4 58. a4 Kc2 59. a5 Kxc1 60. a6 e5 61. fxe5 Kd2 62. a7 1-0

[Event "Late-Titled-Tuesday-Blitz-April-16-2024"]
[Site "Chess.com"]
[Date "2024.04.16"]
[Round "6"]
[White "Kiborg95"]
[Black "FabianoCaruana"]
[Result "0-1"]
[WhiteElo "2852"]
[BlackElo "3081"]
[TimeControl "180+1"]
[EndTime "15:04:30 PDT"]
[Termination "FabianoCaruana won by resignation"]

1. e4 e6 2. d3 d5 3. Nd2 Nf6 4. e5 Nfd7 5. f4 c5 6. g3 Nc6 7.
Bg2 f6 8. exf6 Nxf6 9. Ndf3 Bd6 10. Nh3 O-O 11. O-O Qc7 12. c3 Bd7 13. Bd2 Rae8 14.
Qb3 b5 15. Rae1 a5 16. Qc2 a4 17. Nf2 c4 18. a3 Re7 19. d4 Be8 20. Ne5 Bxe5 21. fxe5 Bg6 22. Qd1 Ne4 23. Nxe4 Rxf1+ 24. Rxf1 dxe4 25. h4 h5 26. g4 Rf7 27. gxh5 Rxf1+ 28.
Qxf1 Bxh5 29. Bxe4 Ne7 30. Bg5 Qd7 31. Bxe7 Qxe7 32.
Qf4 Be8 33. Kh2 Qc7 34. d5 exd5 35. Bxd5+ Kh7 36. Be4+ Kg8 37. Qf5 Bf7 38. Kg2 g6 39.
Qf6 Qd7 40. Kg3 Qd1 41. e6 Qd6+ 42. Kf3 Bxe6 43. Qxg6+ Kf8 44. Qf6+ Ke8 45. Ke3 Qg3+ 46.
Bf3 Kd7 47. Kd4 Qf2+ 48. Ke5 Qe3+ 49. Be4 Qc5+ 50. Kf4 Qf2+ 51. Kg5 Qg3+ 52. Kh6 Qe3+ 53.
Qg5 Qxe4 54. Qxb5+ Ke7 55. Qg5+ Kd6 56. Qg3+ Kc6 57. h5 Qf5 58. Qg2+ Kd6 59. Qd2+ Ke7 60.
Qg5+ Kd6 61. Qxf5 Bxf5 62. Kg7 Ke5 63. h6 Kf4 64. h7 Bxh7 65. Kxh7 Ke3 66. Kg6 Kd3 67.
Kf5 Kc2 68. Ke4 Kxb2 69. Kd4 Kb3 0-1